 Dungeon Crawl Stone Soup version 0.18-a0-1805-g8ab820f (webtiles) character file.

21310 Chiseanne the Nimble (level 12, -35/128 HPs)
             Began as a Troll Monk on Apr 26, 2016.
             Was a Priest of the Shining One.
             Annihilated by an ettin
             ... wielding a +0 dire flail
              (47 damage)
             ... on level 11 of the Dungeon.
             The game lasted 00:45:15 (13445 turns).

Chiseanne the Nimble (Troll Monk)                  Turns: 13445, Time: 00:45:16

Health: -35/128    AC:  6    Str: 22    XL:     12   Next: 53%
Magic:  11/14      EV: 17    Int:  6    God:    the Shining One [***...]
Gold:   728        SH:  8    Dex: 16    Spells: 0 memorised, 11 levels left

rFire  . . .     SeeInvis .     a - +2 whip (elec)
rCold  + . .     Gourm    +     i - +1 robe {rC+}
rNeg   + . .     Faith    .     (no shield)
rPois  .         Spirit   .     (helmet restricted)
rElec  .         Dismiss  .     (no cloak)
rCorr  .         Reflect  .     (gloves unavailable)
SustAt .         Harm     .     (boots unavailable)
MR     .....                    (no amulet)
Stlth  +.........               (no ring)
                                (no ring)

@: divine shield, glowing, not resistant to hostile enchantments, very
unstealthy
A: unfitting armour, claws 3, fast metabolism 3, gourmand, regeneration 2,
shaggy fur 1, tough skin 2
a: Divine Shield, Renounce Religion


You were on level 11 of the Dungeon.
You worshipped the Shining One.
The Shining One was most pleased with you.
You were very full.

You visited 2 branches of the dungeon, and saw 13 of its levels.

You collected 728 gold pieces.

Inventory:

Hand Weapons
 a - a +2 whip of electrocution (weapon)
 d - a +1 dire flail of freezing
 q - a +5 giant spiked club
 s - a +2 flail of protection
 E - a +2 flail of holy wrath
 M - a +2 longbow of flaming
Missiles
 h - 345 stones
 j - 82 bolts
 m - an exploding tomahawk
 p - 249 arrows
 u - 6 tomahawks
 B - 118 sling bullets
 D - a large rock (quivered)
Armour
 i - a +1 robe of cold resistance (worn)
Magical Staves
 K - an uncursed staff of poison {unknown}
 N - an uncursed staff of poison {unknown}
Jewellery
 S - an uncursed ring of fire
Wands
 o - a wand of disintegration (4/24)
 G - a wand of flame (13/48)
Scrolls
 n - 2 scrolls of teleportation
 P - a scroll of fog
 R - a scroll of amnesia
Potions
 c - 2 potions of cancellation
 e - a potion of invisibility {unknown}
 f - a potion of curing
 g - 2 potions of lignification {unknown}
 k - 2 potions of ambrosia
 l - 3 potions of brilliance {unknown}
 r - 2 potions of cure mutation {unknown}
 w - a potion of heal wounds {unknown}
 A - 3 potions of flight
 C - a potion of agility {unknown}
 H - 4 potions of degeneration {unknown}
Books
 y - a book of Summonings

   Spells                             Type                      Level
   a - Recall                         Summoning/Translocation      3
   b - Aura of Abjuration             Summoning                    5
   c - Summon Demon                   Summoning                    5
   d - Summon Forest                  Summoning/Translocation      5
   e - Summon Mana Viper              Hexes/Summoning              5
   f - Shadow Creatures               Summoning                    6
 I - a book of the Earth

   Spells                             Type                      Level
   a - Leda's Liquefaction            Hexes/Earth                  4
   b - Bolt of Magma                  Conjuration/Fire/Earth       5
   c - Statue Form                    Transmutation/Earth          6
   d - Iron Shot                      Conjuration/Earth            6
   e - Shatter                        Earth                        9
 J - a book of Debilitation

   Spells                             Type                      Level
   a - Corona                         Hexes                        1
   b - Slow                           Hexes                        2
   c - Gell's Gravitas                Hexes/Translocation          3
   d - Inner Flame                    Hexes/Fire                   3
   e - Cause Fear                     Hexes                        4
   f - Leda's Liquefaction            Hexes/Earth                  4
 U - a book of Frost

   Spells                             Type                      Level
   a - Freeze                         Ice                          1
   b - Throw Frost                    Conjuration/Ice              2
   c - Ozocubu's Armour               Charms/Ice                   3
   d - Throw Icicle                   Conjuration/Ice              4
   e - Summon Ice Beast               Ice/Summoning                4
Miscellaneous
 L - a lamp of fire (inert)
Comestibles
 b - 7 bread rations
 t - 3 royal jellies
 v - 3 beef jerkies
 x - 6 meat rations
 z - 2 slices of pizza
 F - 24 fruits


   Skills:
 - Level 10.8 Fighting
 * Level 1.9 Maces & Flails
 * Level 8.7 Throwing
 * Level 11.0 Dodging
 - Level 1.1 Stealth
 - Level 4.0 Unarmed Combat
 - Level 5.0 Invocations


You had 11 spell levels left.
You didn't know any spells.

Dungeon Overview and Level Annotations

Branches:
Dungeon (12/15)            Temple (1/1) D:7            Lair (0/8) D:9
    Orc (0/2) D:9

Altars:
Ashenzari
Cheibriados
Dithmenos
Elyvilon
Fedhas
Gozag
Kikubaaqudgha
Makhleb
Nemelex Xobeh
Okawaru
Pakellas
Qazlal
Ru
Sif Muna
Trog
Vehumet
Xom
Yredelemnul
Zin
The Shining One

Annotations:
D:9 Nergalle


Innate Abilities, Weirdness & Mutations

You are too large for most types of armour.
You have claws for hands.
Your metabolism is lightning-fast.
You like to eat raw meat.
You heal very quickly.
You are covered in fur (AC +1).
You have very tough skin (AC +2).


Message History

The ettin closely misses you. You block the ettin's attack.
Okay, then.
You hit the ettin but do no damage.
There is a sudden explosion of sparks!
The ettin is moderately wounded.
The ettin completely misses you. The ettin barely misses you.
You hit the ettin but do no damage.
There is a sudden explosion of sparks!
The ettin is severely wounded.
The ettin hits you with a dire flail!! You block the ettin's attack.
You hit the ettin but do no damage.
The ettin is severely wounded.
The ettin hits you with a dire flail!! The ettin closely misses you.
You hit the ettin but do no damage.
The ettin is severely wounded.
The ettin hits you with a dire flail!!!
* * * LOW HITPOINT WARNING * * *
You block the ettin's attack.
You hit the ettin but do no damage.
The ettin is severely wounded.
The ettin completely misses you. The ettin hits you with a dire flail!!!
You die...

#.# #.............#.## ##....
#.# #..########'#....###.####
#.# #..# #..#.....#....#
#)###..# #..#........#.#
#......# #'##.....####.##
#..###.# #..#.#...#......
#..###.# #..#.#...#.##.##
#..##..##(####'##.#........#
#..##..#..(C@'..#.#.#....###
#......#..#..#..#..........#
######.##########...#......##
#............#.........#
###.#.#####.##.......[..
#..................)>#
##############....#.##
#......# #......##


You could see an ettin.

Vanquished Creatures
  2 centaur warriors (D:11)
  A tengu warrior (D:10)
  The ghost of Sagrath01 the Cruncher, a novice DrGl of Makhleb (D:11)
  An unseen horror (D:10)
  A flayed ghost (D:11)
  A hill giant (shapeshifter) (D:11)
  Pikel (D:5)
  3 hill giants
  A cyclops (D:12)
  An ugly thing (D:11)
  A centaur zombie (D:12)
  Psyche (D:10)
  A komodo dragon (D:11)
  A tengu conjurer (D:11)
  2 trolls (D:10)
  A two-headed ogre (D:8)
  29 yaks
  2 hungry ghosts
  Grum (D:11)
  3 hippogriffs
  A vampire mosquito (D:11)
  Menkaure (D:5)
  A soldier ant (D:9)
  A water moccasin (D:10)
  7 ice beasts
  A slave (D:5)
  4 orc warriors
  4 sky beasts
  4 wolves (D:11)
  2 black bears
  4 phantoms
  5 ogres
  A centaur (D:9)
  A crocodile (D:7)
  2 big kobolds
  A gnoll sergeant (D:5)
  7 giant frogs
  A wyvern zombie (D:8)
  A wyvern skeleton (D:11)
  2 scorpions (D:7)
  15 killer bees
  8 wights
  13 howler monkeys
  2 crimson imps
  2 quasits
  4 giant frog zombies
  9 orc priests
  2 jellies
  3 giant frog skeletons
  3 centaur skeletons
  5 hounds
  9 orc wizards
  8 iguanas
  8 worker ants
  3 sheep (D:12)
  5 hound skeletons
  3 worker ant zombies
  4 gnolls (D:5)
  A howler monkey skeleton (D:9)
  12 adders
  A shadow imp (D:5)
  2 oozes
  An adder skeleton (D:3)
  An adder zombie (D:9)
  4 worms
  2 dart slugs
  5 giant geckos
  41 orcs
  A ball python (D:1)
  7 giant cockroaches
  11 goblins
  2 hobgoblins
  5 jackals
  7 quokkas
  8 bats
  3 giant newts
  A goblin skeleton (D:9)
  4 hobgoblin zombies (D:9)
  A jackal zombie (D:8)
  5 kobolds
  A kobold zombie (D:9)
  An orc skeleton (D:9)
  An orc zombie (D:9)
  A quokka skeleton (D:4)
  14 rats
355 creatures vanquished.

Vanquished Creatures (others)
  A hound skeleton (D:5)
  An adder (D:5)
2 creatures vanquished.

Grand Total: 357 creatures vanquished

Notes
Turn   | Place    | Note
--------------------------------------------------------------
     0 | D:1      | Chiseanne the Troll Monk began the quest for the Orb.
     0 | D:1      | Reached XP level 1. HP: 22/22 MP: 0/0
   249 | D:1      | Reached XP level 2. HP: 29/29 MP: 1/1
   882 | D:2      | Reached XP level 3. HP: 35/37 MP: 2/2
   887 | D:2      | Reached skill level 3 in Dodging
   990 | D:2      | Found a sacrificial altar of Ru.
  1138 | D:2      | Reached XP level 4. HP: 45/45 MP: 3/3
  1851 | D:3      | Found a sparkling altar of Nemelex Xobeh.
  1865 | D:3      | Reached XP level 5. HP: 24/54 MP: 4/4
  2330 | D:4      | Reached skill level 4 in Dodging
  2380 | D:4      | Reached XP level 6. HP: 45/63 MP: 5/5
  2674 | D:4      | Reached skill level 5 in Fighting
  2861 | D:4      | Reached XP level 7. HP: 69/72 MP: 6/6
  2879 | D:5      | Entered Level 5 of the Dungeon
  2893 | D:5      | Noticed Menkaure
  2901 | D:5      | Killed Menkaure
  2901 | D:5      | Reached skill level 5 in Dodging
  2937 | D:5      | Found a shimmering altar of Xom.
  2979 | D:5      | Noticed Pikel
  3072 | D:5      | Killed Pikel
  3072 | D:5      | Reached skill level 6 in Dodging
  3072 | D:5      | Reached XP level 8. HP: 48/84 MP: 7/7
  3371 | D:5      | Found a shadowy altar of Dithmenos.
  3396 | D:5      | Reached skill level 1 in Throwing
  4122 | D:6      | Reached skill level 7 in Dodging
  4291 | D:6      | Reached XP level 9. HP: 93/93 MP: 8/8
  4880 | D:7      | Found a staircase to the Ecumenical Temple.
  4927 | Temple   | Entered the Ecumenical Temple
  5885 | D:8      | Reached skill level 5 in Throwing
  5885 | D:8      | Reached skill level 8 in Dodging
  6178 | D:8      | Reached XP level 10. HP: 40/104 MP: 9/9
  6732 | D:8      | Found a burning altar of Makhleb.
  6732 | D:8      | Found an iron altar of Okawaru.
  6733 | D:8      | Found a white marble altar of Elyvilon.
  6742 | D:8      | Found a blossoming altar of Fedhas.
  7060 | D:9      | Found a staircase to the Lair.
  7244 | D:9      | HP: 2/106 [killer bee (5)]
  7249 | D:9      | HP: 4/106 [killer bee (9)]
  7523 | D:9      | Found a glowing golden altar of the Shining One.
  7534 | D:9      | Became a worshipper of the Shining One
  7534 | D:9      | Reached * piety under the Shining One
  7534 | D:9      | Reached ** piety under the Shining One
  7656 | D:9      | Found a staircase to the Orcish Mines.
  7911 | D:9      | Reached skill level 1 in Invocations
  8432 | D:9      | Reached skill level 9 in Dodging
  8892 | D:10     | Entered Level 10 of the Dungeon
  8895 | D:10     | Noticed an unseen horror
  8980 | D:10     | Noticed Psyche
  8985 | D:10     | Killed an unseen horror
  8994 | D:10     | Killed Psyche
  8994 | D:10     | Reached XP level 11. HP: 57/115 MP: 12/12
  9107 | D:10     | Noticed a hill giant
  9117 | D:10     | Killed a hill giant
  9407 | D:10     | HP: 5/115 [troll (12)]
  9639 | D:10     | Noticed Nergalle
  9649 | D:10     | Noticed a spectral orc warlord
 10057 | D:10     | Noticed a hill giant
 10071 | D:10     | Killed a hill giant
 10110 | D:10     | Reached skill level 5 in Invocations
 10164 | D:10     | Reached *** piety under the Shining One
 10463 | D:11     | Noticed a centaur warrior
 10479 | D:11     | Killed a centaur warrior
 10513 | D:11     | Reached skill level 10 in Dodging
 10701 | D:11     | Noticed a cyan ugly thing
 10715 | D:11     | Killed a cyan ugly thing
 10715 | D:11     | Reached skill level 10 in Fighting
 10870 | D:11     | Noticed a hill giant
 10884 | D:11     | Noticed Sagrath01's ghost (novice DrGl)
 10887 | D:11     | Killed a hill giant
 11153 | D:12     | Noticed a seven-headed hydra
 11214 | D:11     | Killed Sagrath01's ghost
 11544 | D:11     | Noticed a centaur warrior
 11566 | D:11     | Killed a centaur warrior
 11566 | D:11     | Reached XP level 12. HP: 29/127 MP: 14/14
 12031 | D:10     | Noticed a tengu warrior
 12239 | D:10     | Killed a tengu warrior
 12527 | D:11     | Noticed Grum
 12551 | D:11     | Killed Grum
 12980 | D:11     | Found a runed door.
 13198 | D:11     | Reached skill level 1 in Maces & Flails
 13228 | D:11     | Reached skill level 11 in Dodging
 13437 | D:11     | Noticed an ettin
 13445 | D:11     | Annihilated by an ettin

Vault maps used:
D:1:      dpeg_arrival_solitude, hangedman_abyss_or_decor_stabs
D:2:      grunt_decor_arrowhead, st_stairs_1, hangedman_ru_absence
D:3:      nemelex_deck, first_bread, serial_glass, glass_columns_c,
          glass_columns_b
D:5:      xom_confusion_cloud, corexii_corridor_pit, grunt_dithmenos_smoke,
          uniq_menkaure, uniq_pikel
D:6:      kennysheep_nub, mrwooster_statue_mirror
D:7:      minmay_temple_entry_purple_smoke
D:8:      nicolae_overflow_quartered_altars, blue_anna_alchemist
D:9:      nicolae_tso_besieged_by_evil, dpeg_oklobed_lair, david_orc_2
D:10:     uniq_nergalle, uniq_psyche
D:11:     minivault_13, uniq_grum
D:12:     lab_entry_generic
Temple:   triangle_lava_temple_12

Skill      XL: |  1  2  3  4  5  6  7  8  9 10 11 12 |
---------------+-------------------------------------+-----
Fighting       | 3 4 5 6 7 8 9 10 | 10.8
Dodging        | 3 4 6 7 8 9 10 11 | 11.0
Throwing       | 3 5 6 7 8 |  8.7
Invocations    | 3 5 |  5.0
Maces & Flails | 1 |  1.9
Stealth        | |  1.1
Unarmed Combat | |  4.0

Action                   |  1- 3 |  4- 6 |  7- 9 | 10-12 || total
-------------------------+-------+-------+-------+-------++-------
Melee: Unarmed           |    91 |   142 |   405 |   490 ||  1128
       Punch             |     2 |     1 |     4 |    27 ||    34
       Whip              |       |       |     8 |   129 ||   137
       Flail             |       |       |       |   275 ||   275
       Giant spiked club |       |       |       |    21 ||    21
Throw: Stone             |       |     4 |       |     3 ||     7
       Large rock        |       |       |     6 |    51 ||    57
Invok: Divine Shield     |       |       |       |    23 ||    23
Evoke: Deck              |       |     3 |     2 |       ||     5
       Wand              |       |       |       |    15 ||    15
       Lamp of fire      |       |       |       |     1 ||     1
  Use: Scroll            |     2 |     4 |    16 |     6 ||    28
       Potion            |       |     1 |     4 |     7 ||    12
 Stab: Sleeping          |     5 |     3 |     2 |       ||    10
  Eat: Chunk             |    16 |    16 |    26 |    80 ||   138
       Fruit             |       |       |     4 |       ||     4
Armor: Robe              |    41 |    36 |   119 |   343 ||   539
Dodge: Dodged            |    50 |    72 |   297 |   854 ||  1273
Block: Other             |       |       |       |   141 ||   141
